 Dungeon Crawl Stone Soup version 0.31-a0-1074-g0b22e4e0f1 (webtiles) character file.

Game seed: 16672477826194055224

999 timneilson the Ruffian (level 8, -5/54 HPs)
             Began as an Octopode Shapeshifter on Nov 27, 2023.
             Slain by a two-headed ogre
             ... wielding a +0 giant club
              (10 damage)
             ... on level 5 of the Dungeon.
             The game lasted 00:12:16 (4466 turns).

timneilson the Ruffian (Octopode Shapeshifter)      Turns: 4466, Time: 00:12:17

Health: -5/54      AC:  5    Str: 16    XL:     8   Next: 19%
Magic:  8/8        EV: 14    Int: 12    God:
Gold:   239        SH:  0    Dex: 11    Spells: 7/7 levels left

rFire   . .          .
                       - Unarmed
rCold   . . .        (no shield)
rNeg    + . .        (helmet currently unavailable)
rPois   .            (no amulet)
rElec   .            k - ring of positive energy
rCorr   .            o - +4 ring of protection
SInv    .            (no ring)
Will    .....        (no ring)
Stlth   +++          (no ring)
HPRegen 0.29/turn    (no ring)
MPRegen 0.11/turn    (no ring)
                     (no ring)

%: no passive effects
@: beast-form
A: beast (slay +2), almost no armour, amphibious, 8 rings, camouflage 1,
gelatinous body 1, (nimble swimmer 1), tentacles
a: Begin Untransformation


You were on level 5 of the Dungeon.
You were a hulking beast.
You visited 1 branch of the dungeon, and saw 5 of its levels.
You also visited: Sewer.

You collected 239 gold pieces.

Inventory:

Missiles
 f - 3 throwing nets
Jewellery
 k - a ring of positive energy (left tentacle)
 o - a +4 ring of protection (right tentacle)
Talismans
 b - a beast talisman
 c - a flux talisman
 d - a blade talisman
 t - a maw talisman
Wands
 u - a wand of flame (26)
Scrolls
 j - a scroll of noise
 n - 2 scrolls of poison
 p - a scroll of enchant weapon
 s - a scroll of teleportation
Potions
 a - 2 potions of lignification
 e - 4 potions of resistance
 g - 2 potions of might {unknown}
 h - a potion of brilliance {unknown}
 i - a potion of ambrosia {unknown}
 l - a potion of attraction {unknown}
 m - 2 potions of heal wounds
 q - 2 potions of enlightenment {unknown}
 r - a potion of mutation {unknown}
 v - a potion of degeneration {unknown}


   Skills:
 * Level 4.1 Fighting
 * Level 4.5 Dodging
 + Level 4.0 Stealth
 * Level 5.1 Unarmed Combat
 + Level 1.7 Evocations
 * Level 5.0 Shapeshifting


You had 7 spell levels left.
You didn't know any spells.
Your spell library contained the following spells:

 Spells                   Type           Power      Damage    Failure   Level
 Blink                    Tloc           0%         N/A       45%         2
 Lesser Beckoning         Tloc           0%         N/A       45%         2
 Momentum Strike          Conj/Tloc      0%         3d8       45%         2


Dungeon Overview and Level Annotations

Branches:
Dungeon (5/15)              Sewer (visited)
 Temple: D:4-7

Altars:
Elyvilon
Fedhas
Hepliaklqana

Shops:
D:1 (:::(


Innate Abilities, Weirdness & Mutations

You are a hulking beast.
Your limbs bulge with bestial killing power. (Slay +2)
You cannot wear most types of armour.
You are amphibious.
You can wear up to eight rings at the same time.
Your skin changes colour to match your surroundings (Stealth+).
Your rubbery body absorbs attacks. (AC +1, EV +1)
((You are camouflaged when in or above water. (Stealth+)))
You have tentacles for arms and can constrict up to eight enemies at once.


Message History

Aim: a two-headed ogre, wielding a +0 giant club and a +0 giant spiked club (lightly wounded, 86% to hit)
The puff of flame hits the two-headed ogre.
The two-headed ogre is lightly wounded.
Aiming: Throw Flame
Press: ? - help, Shift-Dir - straight line, f/p - two-headed ogre
Aim: a two-headed ogre, wielding a +0 giant club and a +0 giant spiked club (lightly wounded, 86% to hit)
The puff of flame hits the two-headed ogre.
The two-headed ogre is moderately wounded.
Aiming: Throw Flame
Press: ? - help, Shift-Dir - straight line, f/p - two-headed ogre
Aim: a two-headed ogre, wielding a +0 giant club and a +0 giant spiked club (moderately wounded, 86% to hit)
The puff of flame hits the two-headed ogre.
The two-headed ogre is moderately wounded.
You tentacle-slap the two-headed ogre.
The two-headed ogre is moderately wounded.
The two-headed ogre misses you. The two-headed ogre closely misses you.
You tentacle-slap the two-headed ogre but do no damage.
You squeeze the two-headed ogre.
The two-headed ogre is moderately wounded.
The two-headed ogre hits you with a +0 giant club!!
The two-headed ogre hits you but does no damage.
You tentacle-slap the two-headed ogre but do no damage.
The two-headed ogre is moderately wounded.
You tentacle-slap the two-headed ogre.
The two-headed ogre is heavily wounded.
The two-headed ogre completely misses you.
The two-headed ogre hits you with a +0 giant spiked club!
You tentacle-slap the two-headed ogre. x2
Your squeeze misses the two-headed ogre.
The two-headed ogre is heavily wounded.
You tentacle-slap the two-headed ogre. You squeeze the two-headed ogre.
The two-headed ogre is severely wounded.
The two-headed ogre hits you with a +0 giant club!
* * * LOW HITPOINT WARNING * * *
The two-headed ogre closely misses you.
You bludgeon the two-headed ogre!
You tentacle-slap the two-headed ogre, but do no damage.
The two-headed ogre is severely wounded.
The two-headed ogre hits you with a +0 giant club!
You die...

# ###### .....## #
......# #### ...
......#######..#####.....
................hOo......
.......#####....####.....
.......# ##......# ...
.......# #.....#.# .
......## #.......#
......# #..†.._.##
......# #........#
##...## #.....#..# ###†#
#........##


You could see a two-headed ogre and an orc.

Vanquished Creatures
  3 ogres
  A phantom (D:5)
  A scorpion (D:5)
  4 killer bees (D:5)
  2 jellies
  An orc priest (D:5)
  Natasha (thrice) (D:4)
  An orc wizard (D:5)
  Robin (D:3)
  7 adders
  4 gnolls (D:2)
  A white imp (D:5)
  A worm (D:5)
  4 dart slugs
  9 orcs
  3 endoplasms (D:2)
  4 giant cockroaches
  17 goblins
  9 hobgoblins
  6 kobolds
  A quokka (D:1)
  12 ball pythons
  10 bats
  9 frilled lizards
  12 rats
126 creatures vanquished.

Vanquished Creatures (others)
  A quokka (D:5)
1 creature vanquished.

Grand Total: 127 creatures vanquished

Notes
Turn   | Place    | Note
-------+----------+-------------------------------------------
     0 | D:1      | timneilson the Octopode Shapeshifter began the quest for
                  | the Orb.
     0 | D:1      | Reached XP level 1. HP: 13/13 MP: 1/1
   132 | D:1      | Reached XP level 2. HP: 17/18 MP: 2/2
   143 | D:1      | Found Caaclegh's Antique Weapon Shop.
   350 | D:1      | Reached XP level 3. HP: 9/23 MP: 3/3
   419 | D:1      | Found Yzebecil's Weapon Emporium.
   441 | D:1      | Found Nasmam's Book Boutique.
   474 | D:1      | Reached skill level 1 in Stealth
   495 | D:1      | Found Johagh's Book Boutique.
   513 | D:1      | Found Exounlix's Book Shoppe.
   898 | D:2      | Reached XP level 4. HP: 26/29 MP: 4/4
  1203 | D:2      | Identified the +0 cloak of Makhleb's Benevolence {Rampage}
  1801 | D:3      | Noticed Robin
  1818 | D:3      | Reached XP level 5. HP: 31/34 MP: 5/5
  1823 | D:3      | Killed Robin
  2266 | D:4      | Noticed Natasha
  2268 | D:4      | Found a blossoming altar of Fedhas.
  2276 | D:4      | Killed Natasha
  2371 | D:4      | Noticed an ogre
  2417 | D:4      | Reached XP level 6. HP: 19/41 MP: 6/6
  2439 | D:4      | Found a glowing drain.
  2453 | Sewer    | Entered a sewer
  3058 | D:4      | Noticed Natasha
  3064 | D:4      | Killed Natasha
  3255 | D:4      | Noticed Natasha
  3262 | D:4      | Killed Natasha
  3447 | D:5      | Entered Level 5 of the Dungeon
  3530 | D:5      | Reached XP level 7. HP: 16/46 MP: 7/7
  3969 | D:5      | Reached skill level 1 in Evocations
  4000 | D:5      | Found a white marble altar of Elyvilon.
  4249 | D:5      | Reached XP level 8. HP: 19/54 MP: 8/8
  4251 | D:5      | Reached skill level 5 in Unarmed Combat
  4403 | D:5      | Found a hazy altar of Hepliaklqana.
  4433 | D:5      | Reached skill level 5 in Shapeshifting
  4451 | D:5      | Noticed a two-headed ogre
  4466 | D:5      | Slain by a two-headed ogre

Illustrated notes

Levels and vault maps discovered:
D:1:      dpeg_arrival_round_c, layout_basic, serial_shops,
          nicolae_shop_behind_doors, nicolae_shop_rolling_square,
          nicolae_shop_behind_doors, shop, shop
D:2:      layout_rooms, serial_park_tiny_1
D:3:      layout_loops_corners, kennysheep_generic_room_8, uniq_robin
D:4:      layout_cave_pools, mainiacjoe_overflow_small_starburst,
          cheibrodos_sewer_entry_sluice, uniq_natasha
D:5:      layout_cave_pods, mainiacjoe_overflow_tiny_flanked, elyvilon_altar_4,
          grunt_dithmenos_smoke

Skill      XL: |  1  2  3  4  5  6  7  8 |
---------------+-------------------------+-----
Stealth        | 1 2 3 4 |  4.0
Fighting       | 2 3 4 |  4.1
Dodging        | 3 4 |  4.5
Shapeshifting  | 4 5 |  5.0
Unarmed Combat | 4 5 |  5.1
Evocations     | 1 |  1.7

Action                     |  1- 3 |  4- 6 |  7- 9 || total
---------------------------+-------+-------+-------++-------
  Melee: Unarmed           |    76 |   128 |    82 ||   286
         Constrict         |    20 |    30 |    12 ||    62
         Tentacles         |     9 |    27 |    15 ||    51
         Punch             |     1 |     2 |     7 ||    10
  Evoke: Wand              |       |       |     5 ||     5
    Use: Scroll            |     1 |     9 |       ||    10
   Stab: Sleeping          |     6 |    10 |       ||    16
 Armour: Skin              |    41 |    42 |    43 ||   126
  Dodge: Dodged            |    40 |    76 |    49 ||   165

Table legend: (Time is in decaauts)
 A = Elapsed time spent in this place.
 B = Non-inter-level travel time spent in this place.
 C = Inter-level travel time spent in this place.
 D = Time resting spent in this place.
 E = Time spent auto-exploring this place.
 F = Levels seen in this place.
 G = Mean time per level.
                   A        B        C        D        E       F      G
               +--------+--------+--------+--------+--------+-----+--------+
         Total |   4444 |   4294 |    150 |    567 |   2559 |   6 |  740.7 |
       Dungeon |   3980 |   3830 |    150 |    504 |   2295 |   5 |  796.0 |
         Sewer |    463 |    463 |      0 |     63 |    264 |   1 |  463.0 |
               +--------+--------+--------+--------+--------+-----+--------+

Top non-repeatable levels by time:
     D:5: 984 daAuts
     D:3: 928 daAuts
     D:4: 759 daAuts
     D:1: 719 daAuts
     D:2: 587 daAuts
   Sewer: 463 daAuts
